AoeStats
← GuLy San (10)

Arabia

508044820Analyzed
1v1 RM · 13d ago on Sep 20, 2026· 72m 45s· 2 players
Game mode
Random Map
Map size
Tiny (2 player)
Population
200
Speed
Normal
Resources
Standard
Victory
Conquest
Starting age
Dark Age
Ending age
Imperial Age
RankedLock teamsTeams togetherTeam positionsShared explorationLock speedFull tech treeHidden civsTurbo modeCheats
Victory
Defeat
🇦🇷 Huns · Argentina
837
+15
🇬🇧 Magyars · United Kingdom
821
-15
Green
5:57 Loom
10:52 Feudal Age
11:31 Feudal Age
13:24 Double-Bit Axe
15:15 Horse Collar
16:26 Wheelbarrow
21:37 Castle Age
22:53 Scale Mail Armor
23:44 Husbandry
23:57 Bloodlines
24:11 Bow Saw
26:13 Chain Mail Armor
31:24 Hand Cart
31:03 Town Watch
31:51 Corvinian Army
37:19 Imperial Age
36:27 Stone Mining
36:42 Town Patrol
36:50 Heavy Plow
38:30 Conscription
38:02 Elite Magyar Huszar
40:39 Fletching
40:50 Padded Archer Armor
46:48 Thumb Ring
52:14 Bodkin Arrow
53:08 Bracer
53:23 Leather Archer Armor
57:49 Scale Barding Armor
59:04 Chain Barding Armor
60:33 Plate Barding Armor
60:46 Crop Rotation
70:43 Parthian Tactics
GuLy San (10)
5:46 Loom
10:59 Feudal Age
11:53 Horse Collar
11:59 Double-Bit Axe
16:31 Forging
22:23 Castle Age
21:03 Fletching
21:24 Scale Barding Armor
24:02 Bow Saw
23:54 Heavy Plow
24:23 Pikeman
25:11 Thumb Ring
26:57 Squires
28:49 Iron Casting
33:51 Bodkin Arrow
37:06 Gold Mining
37:07 Stone Mining
37:57 Chain Barding Armor
38:48 Bloodlines
38:39 Husbandry
42:20 Imperial Age
42:25 Halberdier
43:53 Parthian Tactics
46:00 Blast Furnace
45:02 Bracer
45:03 Padded Archer Armor
45:33 Capped Ram
48:11 Heavy Cavalry Archer
55:12 Ballistics
55:55 Marauders
56:08 Elite Tarkan
57:33 Scale Mail Armor
58:11 Plate Barding Armor
59:08 Atheism
71:47 Chemistry
71:56 Cavalier
Connection lost

Rejoining the realm…

Still unreachable

The connection could not be restored.

Session expired

The server has moved on; the page needs a fresh start.